[Event "45th FIDE Olympiad 2024"]
[Site "Budapest"]
[Date "2024.09.15"]
[Round "5.43"]
[White "Adams, Michael"]
[Black "Sardana, Rishi"]
[Result "1-0"]
[ECO "B91"]
[WhiteElo "2661"]
[BlackElo "2477"]
[Annotator "TA"]
[PlyCount "81"]
[EventDate "2024.09.05"]
[EventType "team-tourn"]
[EventCountry "HUN"]
[SourceTitle "playchess.com"]
[Source "ChessBase"]
[SourceQuality "1"]
[WhiteTeam "England"]
[BlackTeam "Australia"]
[WhiteTeamCountry "ENG"]
[BlackTeamCountry "AUS"]
[TimeControl "40/5400+30:1800+30"]

1. e4 c5 2. Nf3 d6 3. d4 cxd4 4. Nxd4 Nf6 5. Nc3 a6 6. g3 e5 7. Nb3 Be7 8. Bg2 O-O 9. O-O Be6 10. a4 Nbd7 11. Re1 Qc7 12. Nd2 Qc5 13. Nf1 {[%emt 0:02:10] The position is equal.} Bd8 14. Ne3 Bb6 15. Ncd5 Bxd5 16. exd5 e4 17. Bd2 Ne5 18. a5 Ba7 19. Ra4 {[%emt 0:02:07] White leaves nothing to chance now.} Qb5 20. b3 Qd7 21. Bxe4 Nxe4 (21... Bxe3 $2 22. Rxe3 (22. Bxe3 Rfe8 $18) 22... Nxe4 23. Raxe4 $18) 22. Rxe4 f5 23. Ra4 f4 24. gxf4 $18 (24. Rxf4 $6 g5 25. Re4 (25. Rxf8+ Rxf8 26. Kg2 Qf7 $11) 25... Nf3+ 26. Kg2 Nxe1+ 27. Qxe1 (27. Bxe1 Rae8 $15) 27... Qf7 $14) 24... Ng6 {[%emt 0:18:44] [#]} 25. Ng2 $1 (25. Qg4 Qxg4+ 26. Nxg4 h5 $17) 25... Qh3 (25... Rf6 $16 {was worth a try.} 26. Be3 Bxe3 27. Rxe3 (27. fxe3 Raf8 $18) 27... Qf7) 26. Be3 Rf5 $2 (26... Nh4 27. Nxh4 Bxe3) 27. Bxa7 Rh5 {[%emt 0:00:23] [#]} 28. Kf1 $1 Rxa7 (28... Rf5 29. Re3) 29. Re3 Qf5 30. Qd3 Qxd5 31. Qxd5+ Rxd5 32. Re8+ Kf7 33. Rc8 Rd1+ 34. Ke2 Rh1 $2 (34... Rd5 35. Ne3 Rb5 36. Rc7+ Kf8) 35. Rc7+ Kf6 $2 (35... Kg8 36. f5 Ne5) 36. Rd4 d5 37. Rxd5 {[%emt 0:01:25] Threatening mate with Rd6+.} Rxh2 38. Rd6+ {[%emt 0:00:59] White mates.} Kf5 39. Rc5+ Kg4 40. Rg5+ Kh3 41. Rg3# {[%emt 0:30:19] Weighted Error Value: White=0.22 (precise) /Black=0.62.  Mistake:       	---       	Black=5      Inaccurate:     	White=1     	Black=3      OK:         	White=11    	Black=10     Best:        	White=3     	Black=1      Strong:       	White=1     	---} 1-0

[Event "45th FIDE Olympiad 2024"]
[Site "Budapest"]
[Date "2024.09.15"]
[Round "5.43"]
[White "Amba, Oyon Marius Claude"]
[Black "Amewounou, Komlan Kouessan"]
[Result "1-0"]
[ECO "B07"]
[WhiteElo "1975"]
[BlackElo "1825"]
[PlyCount "113"]
[EventDate "2024.09.05"]
[EventType "team-tourn"]
[EventCountry "HUN"]
[WhiteTeam "Cameroon"]
[BlackTeam "Togo"]
[WhiteTeamCountry "CAM"]
[BlackTeamCountry "TOG"]
[TimeControl "40/5400+30:1800+30"]

1. e4 d6 2. Nf3 Nf6 3. d3 g6 4. Be2 Bg7 5. O-O Nbd7 6. Nc3 c5 7. h3 O-O 8. Be3 h6 9. Nh2 a6 10. f4 b5 11. Bf3 Rb8 12. Ne2 Bb7 13. Qd2 Kh7 14. g4 Ng8 15. Rab1 Nb6 16. Ng3 c4 17. f5 Qc7 18. Qf2 Na4 19. g5 Bxb2 20. Rxb2 Nxb2 21. Bd4 Na4 22. Bg4 e5 23. Be3 Nc5 24. Be2 Nd7 25. Ng4 d5 26. gxh6 Ngf6 27. Bg5 Nxg4 28. hxg4 Qb6 29. Qxb6 Nxb6 30. Be7 f6 31. fxg6+ Kxg6 32. g5 Kxg5 33. h7 Rf7 34. Rf5+ Kh6 35. Rh5+ Kg7 36. Bd6 Kh8 37. Bxb8 Rxh7 38. Rxh7+ Kxh7 39. Bc7 Na4 40. exd5 Bxd5 41. a3 Nc5 42. Bd6 cxd3 43. cxd3 Ne6 44. Ne4 Kg6 45. Bh5+ Kg7 46. Nc5 Nxc5 47. Bxc5 a5 48. Be8 b4 49. axb4 axb4 50. Bxb4 f5 51. Kf2 Kf6 52. Bd7 Be6 53. Bc6 Bb3 54. Bc3 Ke6 55. Bb7 e4 56. d4 f4 57. Bxe4 1-0

[Event "45th FIDE Olympiad 2024"]
[Site "Budapest"]
[Date "2024.09.15"]
[Round "5.44"]
[White "Zhao, Zong-Yuan"]
[Black "Jones, Gawain C B"]
[Result "0-1"]
[ECO "B07"]
[WhiteElo "2478"]
[BlackElo "2646"]
[Annotator "TA"]
[PlyCount "90"]
[EventDate "2024.09.05"]
[EventType "team-tourn"]
[EventCountry "HUN"]
[SourceTitle "playchess.com"]
[Source "ChessBase"]
[SourceQuality "1"]
[WhiteTeam "Australia"]
[BlackTeam "England"]
[WhiteTeamCountry "AUS"]
[BlackTeamCountry "ENG"]
[TimeControl "40/5400+30:1800+30"]

1. d4 Nf6 2. Nf3 g6 3. Nbd2 Bg7 4. e4 O-O 5. c3 d6 6. Bd3 Nc6 7. O-O e5 8. Re1 a5 9. dxe5 Nxe5 10. Nxe5 dxe5 {[%emt 0:00:08] The position is equal.} 11. Nc4 Qe7 12. a4 Rd8 13. Qc2 b6 14. Bf1 (14. Bg5 {seems wilder.} Be6 15. Rad1 h6 16. Bh4) 14... Bb7 15. f3 Nh5 16. Be3 Nf4 17. Red1 h5 18. Rxd8+ Rxd8 19. Rd1 Rxd1 20. Qxd1 Ne6 21. Na3 h4 22. Nb5 Bf6 23. Qd2 (23. Na3 $11) 23... Bg5 $15 24. Bxg5 Nxg5 25. Be2 {[%emt 0:06:52] [#]} (25. h3 $15) 25... h3 $1 $17 26. g3 {[%emt 0:14:40] [#]} Bxe4 $1 27. Qe3 (27. fxe4 Qc5+ 28. Nd4 (28. Kf1 $2 Nxe4 29. Qd8+ Kg7 $19) 28... Nxe4 (28... exd4 29. cxd4 Qe7 30. e5 $17)) 27... Bb7 28. f4 Ne4 29. Bf3 {[%emt 0:01:34] [#]} c5 $1 30. Bg4 (30. c4 $17) (30. fxe5 Qxe5) 30... exf4 $19 31. gxf4 Qd8 32. Bf3 {[%emt 0:01:21] [#]} Nf6 33. f5 (33. Na3 Bxf3) 33... Bxf3 34. Qxf3 gxf5 (34... g5 $19 {Threatens to win with ...g4.} 35. Qxh3 Qd1+ 36. Qf1 Qxa4) 35. Qxh3 $2 {[%emt 0:00:36][%mdl 4096] Endgame. KQN-KQN. This costs White the game.} (35. Qxf5 $15 Qd1+ 36. Kf2) 35... Ng4 36. Qf3 {[%emt 0:00:42] Against Qd1+} Qd2 37. h3 Qe1+ 38. Qf1 Qe3+ 39. Kh1 Nf2+ ({Worse is} 39... Qe4+ 40. Qg2 $15) 40. Kh2 Kf8 41. Qg2 (41. Nd6 Qe5+ 42. Kg2 Nxh3 43. Kxh3 Qe3+ (43... Qxd6 $2 44. Qf3 $19) 44. Kg2 Qd2+ 45. Kg1 Qxd6 46. Qh3) 41... Ne4 {[%emt 0:02:34] Strongly threatening ...f4.} 42. Na3 Nd2 {[%emt 0:12:52] ( -> ...Nf3+)} 43. Nc2 Nf3+ 44. Kg3 f4+ 45. Kg4 Qe4 {[%emt 0:00:18] Weighted Error Value: White=0.54/Black=0.14 (very precise) .  Loses game:     	White=1     	---        Missed win:     	---       	Black=1      Mistake:       	White=4     	---        Inaccurate:     	White=1     	---        OK:         	White=8     	Black=17     Best:        	White=4     	Black=2      Strong:       	---       	Black=1      Brilliant:      	---       	Black=1} 0-1

[Event "45th FIDE Olympiad 2024"]
[Site "Budapest"]
[Date "2024.09.15"]
[Round "5.44"]
[White "Fumey, Enyonam Sewa"]
[Black "Makem, Pierre"]
[Result "1/2-1/2"]
[ECO "C01"]
[WhiteElo "1845"]
[BlackElo "1860"]
[PlyCount "103"]
[EventDate "2024.09.05"]
[EventType "team-tourn"]
[EventCountry "HUN"]
[WhiteTeam "Togo"]
[BlackTeam "Cameroon"]
[WhiteTeamCountry "TOG"]
[BlackTeamCountry "CAM"]
[TimeControl "40/5400+30:1800+30"]

1. e4 e6 2. Nf3 d5 3. exd5 exd5 4. d4 Bd6 5. Bd3 Ne7 6. Nc3 c6 7. Bg5 f6 8. Bd2 b5 9. Ne2 Qc7 10. c3 Bg4 11. Ng3 Nd7 12. Qe2 Nf8 13. Nf5 Bxf5 14. Bxf5 Kf7 15. Bc2 Nfg6 16. g3 Rhe8 17. O-O h5 18. Rae1 Qd7 19. Kg2 h4 20. Kh1 Rh8 21. Rg1 c5 22. dxc5 Bxc5 23. gxh4 Nxh4 24. Nxh4 Rxh4 25. Rg2 Rah8 26. Reg1 g5 27. Rf1 Bd6 28. f4 Qc7 29. Be1 Rxf4 30. Bf2 Nf5 31. Bxf5 Rxf5 32. Re1 Re5 33. Qxb5 Rxe1+ 34. Bxe1 Bxh2 35. Qxd5+ Kg6 36. Qe4+ Kg7 37. Re2 Bg3+ 38. Kg1 Bxe1 39. Rxe1 Qg3+ 40. Kf1 Rf8 41. Qb7+ Rf7 42. Re7 Qf4+ 43. Kg2 Qd2+ 44. Kf3 Qd1+ 45. Kf2 Qc2+ 46. Kf3 Qd3+ 47. Kf2 Qf5+ 48. Kg2 Qc2+ 49. Kf3 Qd1+ 50. Kf2 Qd2+ 51. Kf3 Qd1+ 52. Kf2 1/2-1/2

[Event "45th FIDE Olympiad 2024"]
[Site "Budapest"]
[Date "2024.09.15"]
[Round "5.45"]
[White "Vachier-Lagrave, Maxime"]
[Black "Bogner, Sebastian"]
[Result "1-0"]
[ECO "C48"]
[WhiteElo "2731"]
[BlackElo "2545"]
[Annotator "TA"]
[PlyCount "83"]
[EventDate "2024.09.05"]
[EventType "team-tourn"]
[EventCountry "HUN"]
[SourceTitle "playchess.com"]
[Source "ChessBase"]
[SourceQuality "1"]
[WhiteTeam "France"]
[BlackTeam "Switzerland"]
[WhiteTeamCountry "FRA"]
[BlackTeamCountry "SUI"]
[TimeControl "40/5400+30:1800+30"]

1. e4 e5 2. Nf3 Nf6 3. Nc3 Nc6 4. Bb5 Nd4 5. O-O Nxb5 6. Nxb5 c6 7. Nc3 d6 8. d4 Qc7 9. Bg5 Be7 10. a4 O-O 11. h3 {[%emt 0:06:36] The position is equal.} Re8 12. Bxf6 Bxf6 13. d5 Bd7 14. Qd3 Rac8 15. Rfd1 Be7 16. dxc6 Bxc6 17. Nd2 a6 18. Nf1 b5 19. axb5 axb5 20. Ne3 Qb7 21. b4 g6 22. Ned5 Bg5 23. Ra5 Rb8 24. Rda1 {[%emt 0:01:27] [#] Threatens to win with Ra7.} Qd7 25. Qg3 Bd8 26. Ra7 Qe6 (26... Rb7 $142 27. R7a6 h5) 27. Qd3 $16 {[%emt 0:02:51] White has more active pieces.} Rf8 28. R1a6 Qc8 29. g3 Kg7 30. h4 $36 {[%emt 0:01:31][%mdl 2048] Black is under strong pressure.} Rb7 {[%emt 0:00:49] [#]} 31. h5 Rxa7 $11 32. Rxa7 Qg4 (32... Qb8 $14 33. Ra1 Qb7) 33. Ra6 (33. Nc7 $16 Bxc7 34. h6+ (34. Rxc7 Ra8 $16) 34... Kxh6 35. Rxc7) 33... Bxd5 (33... Qc8 $11 34. Ra7 Qb8) 34. Qxd5 $16 Qxh5 35. Nxb5 (35. Qxd6 $6 Qg5 $14) 35... Qe2 {[%emt 0:01:14] This move loses the game for Black.} (35... Qg5 $16) 36. Rxd6 $18 Qe1+ 37. Kg2 Qxb4 38. Rd7 (38. Rxd8 Rxd8 39. Qxd8 Qxb5 $11) (38. Qxe5+ Kg8 39. Qd5 Be7 $18) 38... Be7 {[%emt 0:00:55] Prevents Nd6} (38... Qa4 39. c4 (39. Rxd8 Rxd8 40. Qxd8 Qxb5 $14) (39. Qxe5+ Kg8 $18) 39... Bb6) 39. Qxe5+ {[%emt 0:00:10] White is clearly winning.} Bf6 40. Qd5 {[%emt 0:00:08] Nd6 would now be deadly. Black is weak on the light squares} Be7 41. Nd4 Re8 42. Nc6 {[%emt 0:00:00] Weighted Error Value: White=0.16 (very precise) /Black=0.42.  Loses game:     	---       	Black=1      Mistake:       	White=2     	Black=4      Inaccurate:     	---       	Black=1      OK:         	White=12    	Black=11     Best:        	White=4     	Black=2} 1-0

[Event "45th FIDE Olympiad 2024"]
[Site "Budapest"]
[Date "2024.09.15"]
[Round "5.45"]
[White "Salim Mohammed, Salim Al Amri"]
[Black "Thabang, Mphane"]
[Result "1-0"]
[ECO "B04"]
[WhiteElo "1926"]
[BlackElo "1799"]
[PlyCount "123"]
[EventDate "2024.09.05"]
[EventType "team-tourn"]
[EventCountry "HUN"]
[WhiteTeam "Oman"]
[BlackTeam "Lesotho"]
[WhiteTeamCountry "OMN"]
[BlackTeamCountry "LES"]
[TimeControl "40/5400+30:1800+30"]

1. e4 Nf6 2. e5 Nd5 3. d4 d6 4. Nf3 Nc6 5. Be2 Bf5 6. O-O dxe5 7. Nxe5 Nxe5 8. dxe5 Nb4 9. Na3 e6 10. Bd2 Nc6 11. Bb5 Bxa3 12. Bxc6+ bxc6 13. bxa3 Qd5 14. Bb4 a5 15. Bc3 Qxd1 16. Rfxd1 Bxc2 17. Rd4 O-O 18. Rc1 Rfb8 19. h4 Rb1 20. Rxb1 Bxb1 21. Bxa5 Bxa2 22. Bxc7 f6 23. h5 Bd5 24. Bd6 fxe5 25. Bxe5 Rxa3 26. h6 gxh6 27. Rg4+ Kf7 28. Rg7+ Ke8 29. Rxh7 c5 30. Rxh6 c4 31. Rh7 Be4 32. Rc7 Bd3 33. Bf6 Ra5 34. Re7+ Kf8 35. Rxe6 Kf7 36. Rc6 Rb5 37. f3 Kg6 38. Kf2 Rb1 39. g4 Rf1+ 40. Ke3 Re1+ 41. Kf4 Kf7 42. Kg5 Re6 43. Rc7+ Ke8 44. f4 Rd6 45. Be5 Rd7 46. Rc5 Kf7 47. f5 Be2 48. Kf4 Rd1 49. Rc7+ Ke8 50. Rg7 Rf1+ 51. Ke4 Bd3+ 52. Kd5 Bxf5 53. gxf5 Rxf5 54. Ke6 Rf3 55. Re7+ Kf8 56. Rh7 Ke8 57. Rc7 Rd3 58. Rc8+ Rd8 59. Rxc4 Rd1 60. Rb4 Rd3 61. Bd4 Kd8 62. Rc4 1-0

[Event "45th FIDE Olympiad 2024"]
[Site "Budapest"]
[Date "2024.09.15"]
[Round "5.46"]
[White "Pelletier, Yannick"]
[Black "Bacrot, Etienne"]
[Result "1/2-1/2"]
[ECO "A20"]
[WhiteElo "2526"]
[BlackElo "2665"]
[Annotator "TA"]
[PlyCount "62"]
[EventDate "2024.09.05"]
[EventType "team-tourn"]
[EventCountry "HUN"]
[SourceTitle "playchess.com"]
[Source "ChessBase"]
[SourceQuality "1"]
[WhiteTeam "Switzerland"]
[BlackTeam "France"]
[WhiteTeamCountry "SUI"]
[BlackTeamCountry "FRA"]
[TimeControl "40/5400+30:1800+30"]

1. c4 e5 2. g3 Nf6 3. Bg2 c6 4. Nf3 e4 5. Nd4 Qb6 6. Nb3 a5 {[%emt 0:01:54] [#] And now ...a4 would win.} 7. d3 a4 8. N3d2 Bc5 9. O-O e3 10. fxe3 Bxe3+ 11. Kh1 Ng4 12. Ne4 {[%emt 0:00:55] [#] Strongly threatening Nd6+.} O-O 13. Nbc3 d5 14. cxd5 (14. Nxa4 $2 Rxa4 15. Nd6 Ra8 $19) 14... Bxc1 15. Qxc1 ({Much worse is} 15. Rxc1 Ne3 16. Qd2 (16. Nxa4 $2 Qa7 $19) 16... cxd5 $17 (16... Nxf1 17. Rxf1 a3 18. b3 $15)) 15... Ne3 16. Rf3 Nxd5 17. Qd2 a3 $132 {[%emt 0:06:53][%mdl 2048] Black is not holding back} 18. Rb1 Nxc3 19. Nxc3 axb2 20. Rxb2 Qa5 21. Rf4 {[%emt 0:03:17] Threatens to win with Ra4.} Qa3 22. Rfb4 Na6 23. Rb6 (23. Nb1 $5 Qa5 $8 24. Rb6 $11) 23... Qe7 24. d4 Rd8 25. e4 Nc5 26. R6b4 Ra3 27. Qc2 Na6 28. Rc4 Be6 29. Ra4 Rxa4 30. Qxa4 c5 31. d5 Bc8 {[%emt 0:00:09] Weighted Error Value: White=0.07 (flawless) /Black=0.08 (flawless) .  Inaccurate:     	White=2     	Black=3      OK:         	White=12    	Black=13     Best:        	White=1     	Black=1} 1/2-1/2

[Event "45th FIDE Olympiad 2024"]
[Site "Budapest"]
[Date "2024.09.15"]
[Round "5.46"]
[White "Tsephe, Lebajoa"]
[Black "Al Maashani, Abdullah"]
[Result "1/2-1/2"]
[ECO "D02"]
[WhiteElo "1900"]
[BlackElo "1893"]
[PlyCount "96"]
[EventDate "2024.09.05"]
[EventType "team-tourn"]
[EventCountry "HUN"]
[WhiteTeam "Lesotho"]
[BlackTeam "Oman"]
[WhiteTeamCountry "LES"]
[BlackTeamCountry "OMN"]
[TimeControl "40/5400+30:1800+30"]

1. Nf3 d5 2. d4 Nf6 3. g3 Bg4 4. Bg2 e6 5. c4 c6 6. Qc2 Bd6 7. O-O O-O 8. Bg5 h6 9. Bxf6 Qxf6 10. Nbd2 Bxf3 11. Nxf3 Na6 12. c5 Bc7 13. b4 e5 14. dxe5 Bxe5 15. Rab1 Nc7 16. a4 a6 17. Rb3 Rfe8 18. Rd1 Re7 19. Nh4 g6 20. Qc1 Qg7 21. Nf3 Bf6 22. e3 Ne6 23. Bh3 Ng5 24. Bg2 Ne4 25. Nd4 Rae8 26. b5 axb5 27. axb5 Bxd4 28. Rxd4 Qf6 29. Qc2 Ra8 30. Bxe4 dxe4 31. Rxe4 Rxe4 32. Qxe4 Ra2 33. f4 cxb5 34. Qe5 Qc6 35. e4 Rc2 36. Rd3 Qxc5+ 37. Qxc5 Rxc5 38. Rd7 b6 39. Rd6 Kf8 40. Rxb6 Ke7 41. Rb7+ Ke6 42. Kf2 Rc2+ 43. Ke3 Rb2 44. Kd4 Rb4+ 45. Kd3 Rb2 46. Kd4 Rb4+ 47. Kd3 Rb2 48. Kd4 Rb4+ 1/2-1/2

[Event "45th FIDE Olympiad 2024"]
[Site "Budapest"]
[Date "2024.09.15"]
[Round "5.47"]
[White "Maurizzi, Marc`andria"]
[Black "Peng, Li Min"]
[Result "1-0"]
[ECO "B50"]
[WhiteElo "2595"]
[BlackElo "2514"]
[Annotator "TA"]
[PlyCount "91"]
[EventDate "2024.09.05"]
[EventType "team-tourn"]
[EventCountry "HUN"]
[SourceTitle "playchess.com"]
[Source "ChessBase"]
[SourceQuality "1"]
[WhiteTeam "France"]
[BlackTeam "Switzerland"]
[WhiteTeamCountry "FRA"]
[BlackTeamCountry "SUI"]
[TimeControl "40/5400+30:1800+30"]

1. e4 c5 2. Nf3 d6 3. Bb5+ Bd7 4. Bxd7+ Nxd7 5. c3 Ngf6 6. Qe2 e6 7. d4 cxd4 8. cxd4 d5 {[%emt 0:04:42] The position is equal.} 9. e5 Bb4+ 10. Bd2 Bxd2+ 11. Nbxd2 Ng8 12. O-O Ne7 13. h4 Qb6 14. Rfd1 Rc8 15. Nf1 O-O 16. Ne3 f6 17. exf6 Nxf6 18. Rac1 Ne4 19. Rxc8 Nxc8 20. Ng4 Ncd6 21. Nge5 Qc7 {[%emt 0:00:16] Against Nd7} 22. Re1 Nf5 23. Qd3 Rc8 24. g3 Qc2 25. Re2 Qxd3 26. Nxd3 Rc4 27. Nf4 Nxd4 28. Nxd4 Rxd4 29. Nxe6 $11 {[%emt 0:00:03][%mdl 4096] Endgame. KRN-KRN} Ra4 30. a3 $1 Kf7 31. Nd8+ Kf6 32. Nxb7 Rd4 33. Na5 a6 34. Kg2 $1 Rd2 (34... Rd1 $16 {keeps fighting.}) 35. Rxd2 $18 Nxd2 {[%emt 0:00:01] KN-KN} 36. f3 $1 {[%emt 0:00:05] Strongly threatening Kf2.} Ke5 $2 {[%emt 0:03:38] [#]} (36... d4 37. Kf2 d3) 37. Kf2 $1 Kd4 38. Ke2 Nc4 {[%emt 0:00:44] [#]} (38... Nb1 $142 39. h5 g5) 39. Nxc4 $1 Kxc4 {[%emt 0:00:36] KP-KP} 40. g4 a5 41. a4 Kb3 42. f4 (42. h5 $142 Kxa4 43. f4) 42... Kxa4 43. f5 {[%emt 0:01:26][%cal Bf4f5,Bf5f6][%mdl 32] White mates.} Kb5 44. g5 Kc5 45. h5 Kd6 46. f6 {[%emt 0:00:10] Weighted Error Value: White=0.02 (flawless) /Black=0.35.  Mistake:       	---       	Black=2      Inaccurate:     	---       	Black=3      OK:         	White=13    	Black=10     Best:        	White=2     	Black=1      Strong:       	White=5     	---} 1-0

[Event "45th FIDE Olympiad 2024"]
[Site "Budapest"]
[Date "2024.09.15"]
[Round "5.47"]
[White "Al Busaidi, Hamood"]
[Black "Karabo, Mokete"]
[Result "1-0"]
[ECO "A73"]
[WhiteElo "1881"]
[BlackElo "1836"]
[PlyCount "85"]
[EventDate "2024.09.05"]
[EventType "team-tourn"]
[EventCountry "HUN"]
[WhiteTeam "Oman"]
[BlackTeam "Lesotho"]
[WhiteTeamCountry "OMN"]
[BlackTeamCountry "LES"]
[TimeControl "40/5400+30:1800+30"]

1. d4 Nf6 2. c4 c5 3. d5 e6 4. Nc3 exd5 5. cxd5 d6 6. e4 g6 7. Nf3 Bg7 8. Nd2 O-O 9. Be2 Na6 10. O-O Nc7 11. a4 b6 12. f3 Rb8 13. Nc4 Ba6 14. Bg5 Bxc4 15. Bxc4 h6 16. Bh4 g5 17. Bf2 Nd7 18. Bb5 a6 19. Bxd7 Qxd7 20. h4 f5 21. exf5 Qxf5 22. Qd2 g4 23. Bg3 Bd4+ 24. Kh2 gxf3 25. Rxf3 Qh5 26. Raf1 Be5 27. Bxe5 Rxf3 28. Rxf3 Qxe5+ 29. Rg3+ Kf7 30. Qxh6 Rg8 31. Qh7+ Rg7 32. Qxg7+ Qxg7 33. Rxg7+ Kxg7 34. Ne4 Ne8 35. Kg3 b5 36. axb5 axb5 37. Kf4 b4 38. b3 Nf6 39. Nxd6 Nxd5+ 40. Ke4 Nb6 41. g4 Kf6 42. Kd3 Ke5 43. Nc4+ 1-0

[Event "45th FIDE Olympiad 2024"]
[Site "Budapest"]
[Date "2024.09.15"]
[Round "5.48"]
[White "Georgiadis, Nico"]
[Black "Fressinet, Laurent"]
[Result "1/2-1/2"]
[ECO "C65"]
[WhiteElo "2510"]
[BlackElo "2616"]
[Annotator "RC"]
[PlyCount "152"]
[EventDate "2024.09.05"]
[EventType "team-tourn"]
[EventCountry "HUN"]
[SourceTitle "playchess.com"]
[Source "ChessBase"]
[SourceQuality "1"]
[WhiteTeam "Switzerland"]
[BlackTeam "France"]
[WhiteTeamCountry "SUI"]
[BlackTeamCountry "FRA"]
[TimeControl "40/5400+30:1800+30"]

1. e4 e5 2. Nf3 Nc6 3. Bb5 Nf6 4. d3 Bc5 5. Bxc6 dxc6 6. O-O Bd6 7. Nbd2 Be6 8. Nb3 a5 9. Qe1 a4 10. Na5 Bc8 11. Nc4 Nd7 12. d4 Qe7 13. dxe5 Nxe5 14. Nfxe5 Bxe5 15. Nxe5 Qxe5 16. Bd2 Be6 17. Qe3 f6 18. Bc3 Qh5 19. a3 O-O 20. Rad1 Rfd8 21. f3 b6 22. h3 Qe8 23. Rde1 Bc4 24. Rf2 Rd7 25. f4 Rad8 26. f5 Rd1 27. Rxd1 Rxd1+ 28. Kh2 Qe7 29. e5 fxe5 30. f6 Qc5 31. Qg3 g6 32. Bxe5 Kf7 33. Bxc7 Rf1 34. Rxf1 Bxf1 35. Qf4 Qf5 36. Qh6 Qxf6 37. Qxh7+ Ke6 38. Qg8+ Kd7 39. Bxb6 Bb5 40. Qh7+ Ke6 41. Bc7 c5 42. Bg3 Bc6 43. Qc7 Kd5 44. b3 axb3 45. cxb3 Ke4 46. Qa7 Qf5 47. Bd6 c4 48. bxc4 Kd3 49. Qa6 Qe4 50. c5+ Kc3 51. Qf1 Kb3 52. Qf3+ Qxf3 53. gxf3 Bxf3 54. Kg3 Bc6 55. Kf4 Ka4 56. Be7 Kb5 57. h4 Ka6 58. Ke5 Kb7 59. Bd8 Ka6 60. Kd6 Kb7 61. Bb6 Be8 62. Ke7 Bc6 63. Kf7 Be4 64. a4 Ka6 65. Ke6 Bc6 66. a5 Kb5 67. Kd6 Be4 68. Kc7 Ka6 69. c6 Kb5 70. Bf2 Kxa5 71. Kd7 Ka6 72. c7 Bf5+ 73. Kd8 Kb7 74. Bg3 Bg4 75. Ke7 Kc8 76. Kf6 Bh5 1/2-1/2

[Event "45th FIDE Olympiad 2024"]
[Site "Budapest"]
[Date "2024.09.15"]
[Round "5.48"]
[White "Motlomelo, Lihloela"]
[Black "Al Mashikhi, Mohammed Alyan"]
[Result "1-0"]
[ECO "C01"]
[WhiteElo "1696"]
[BlackElo "1959"]
[PlyCount "101"]
[EventDate "2024.09.05"]
[EventType "team-tourn"]
[EventCountry "HUN"]
[WhiteTeam "Lesotho"]
[BlackTeam "Oman"]
[WhiteTeamCountry "LES"]
[BlackTeamCountry "OMN"]
[TimeControl "40/5400+30:1800+30"]

1. e4 e6 2. d4 d5 3. exd5 exd5 4. c4 Nf6 5. Nc3 Be7 6. cxd5 Nxd5 7. Bc4 Be6 8. Qb3 Bb4 9. Nge2 Bxc3+ 10. bxc3 b6 11. Ba3 c6 12. O-O b5 13. Bxd5 Bxd5 14. Qc2 Na6 15. Nf4 Nc7 16. Rfe1+ Ne6 17. Qf5 Qf6 18. Qxf6 gxf6 19. Nh5 O-O-O 20. Nxf6 Kc7 21. f4 Nxf4 22. Re7+ Kc8 23. Rxa7 Ne2+ 24. Kf2 Nxc3 25. Nxd5 Nxd5 26. Rc1 Kb8 27. Rxf7 b4 28. Rb1 Rhf8 29. Rxf8 Rxf8+ 30. Kg1 Kc7 31. Bxb4 Rf4 32. Bc5 Nc3 33. Rb2 Kd7 34. g3 Re4 35. Rb7+ Kc8 36. Rxh7 Nxa2 37. h4 Nc3 38. Kg2 Nd5 39. h5 Re2+ 40. Kf3 Re3+ 41. Kf2 Re8 42. h6 Nf6 43. Rg7 Rh8 44. g4 Rxh6 45. g5 Ne4+ 46. Ke3 Re6 47. Kf4 Nxc5 48. dxc5 Re1 49. g6 Rc1 50. Rh7 Rc4+ 51. Ke3 1-0